 Dungeon Crawl Stone Soup version 0.17.1-2-g5865329 (webtiles) character file.

270 PossumBlood the Archer (level 6, 0/48 HPs)
             Began as a Centaur Hunter on Jan 25, 2016.
             Slain by a wyvern (14 damage)
             ... on level 4 of the Dungeon.
             The game lasted 00:11:49 (3034 turns).

PossumBlood the Archer (Centaur Hunter)             Turns: 3034, Time: 00:11:50

Health: 0/48       AC:  6    Str: 13    XL:     6   Next: 1%
Magic:  6/6        EV:  9    Int: 10    God:
Gold:   204        SH:  0    Dex: 11    Spells: 0 memorised, 5 levels left

rFire  . . .     SeeInvis .     a - +1 shortbow
rCold  + . .     Clarity  .     u - +1 leather armour {rC+}
rNeg   . . .     SustAt   .     (shield currently unavailable)
rPois  .         Gourm    .     (no helmet)
rElec  .         Spirit   .     s - +0 cloak
rCorr  .         Warding  .     (no gloves)
rMut   +         Stasis   .     (no barding)
MR     .....                    c - amulet of resist mutation
Stlth  +.........               (no ring)
                                m - -2 ring of strength (curse)

@: very quick, not resistant to hostile enchantments, very unstealthy
A: hooves 3, deformed body, speed 2, tough skin 3
a: no special abilities


You were on level 4 of the Dungeon.
You were not hungry.

You visited 1 branch of the dungeon, and saw 4 of its levels.

You collected 204 gold pieces.

Inventory:

Hand Weapons
 a - a +1 shortbow (weapon)
 b - a +0 short sword
Missiles
 d - 60 arrows (quivered)
 k - 11 arrows of dispersal
 l - 18 arrows of frost
 q - 8 arrows of flame
Armour
 s - a +0 cloak (worn)
 u - a +1 leather armour of cold resistance (worn)
Jewellery
 c - an amulet of resist mutation (around neck)
 m - a cursed -2 ring of strength (left hand)
Wands
 t - a wand of frost (39)
Potions
 f - a potion of invisibility
 g - a potion of heal wounds
 h - a potion of mutation {unknown}
 i - 2 potions of degeneration {unknown}
 j - 2 potions of flight {unknown}
 o - a potion of haste {unknown}
 p - 2 potions of curing {unknown}
Comestibles
 e - 2 bread rations
 r - a meat ration


   Skills:
 - Level 2.0 Fighting
 * Level 9.5 Bows
 - Level 1.3 Dodging
 - Level 0.5 Stealth


You had 5 spell levels left.
You didn't know any spells.

Dungeon Overview and Level Annotations

Branches:
Dungeon (4/15)
 Temple: D:4-7

Altars:
Elyvilon
Kikubaaqudgha


Innate Abilities, Weirdness & Mutations

You have hooves in place of feet.
Armour fits poorly on your strangely shaped body.
You cover ground very quickly.
You have extremely tough skin (AC +3).


Message History

The arrow hits the wyvern but does no damage.
The wyvern is lightly wounded.
The adder skeleton bites you but does no damage.
The wyvern completely misses you.
Firing (i - inventory. (,) - cycle):
d - 62 arrows (quivered)
Press: ? - help, Shift-Dir - straight line, f/p - wyvern
Aim: a wyvern (lightly wounded)
You shoot an arrow. The arrow hits the wyvern.
The wyvern is moderately wounded.
The wyvern completely misses you. The adder skeleton barely misses you.
Firing (i - inventory. (,) - cycle):
d - 61 arrows (quivered)
Press: ? - help, Shift-Dir - straight line, f/p - wyvern
Aim: a wyvern (moderately wounded)
You shoot an arrow. The arrow hits the wyvern.
The wyvern is moderately wounded.
The wyvern bites you but does no damage.
The adder skeleton bites you.
* * * LOW HITPOINT WARNING * * *
The wyvern bites you!
You die...

#.# ########.#
#..<.....#
######.######.#
...............#####.#
##.......#####.......#
..................####
.....>.#.##...###.#
.#<###.#.##@.## # #.
#.#.#Zl## # #.#.#.ZZ
..##(.. ##$.. #..# ###


You could see a wyvern, an adder skeleton, a quokka skeleton and a hound
skeleton.

Vanquished Creatures
  A hound (D:4)
  An orc priest (D:3)
  2 worker ants
  Jessica (D:2)
  Terence (D:3)
  3 adders
  A worm (D:3)
  8 orcs (D:3)
  5 giant cockroaches
  6 hobgoblins
  2 quokkas (D:3)
  7 bats
  3 giant geckos
  8 giant newts
  7 goblins
  A jackal skeleton (D:4)
  14 kobolds
  6 rats
77 creatures vanquished.

Notes
Turn   | Place    | Note
--------------------------------------------------------------
     0 | D:1      | PossumBlood the Centaur Hunter began the quest for the Orb.
     0 | D:1      | Reached XP level 1. HP: 17/17 MP: 1/1
     0 | D:1      | Noticed a merfolk zombie
     0 | D:1      | Noticed a troll zombie
     2 | D:1      | Noticed a spriggan zombie
     2 | D:1      | Noticed an octopode zombie
     5 | D:1      | Noticed an octopode zombie
     6 | D:1      | Noticed an octopode zombie
     8 | D:1      | Noticed a draconian zombie
    10 | D:1      | Noticed a draconian zombie
    12 | D:1      | Noticed a troll zombie
    12 | D:1      | Noticed a troll zombie
    14 | D:1      | Noticed a minotaur zombie
    16 | D:1      | Noticed an octopode zombie
    16 | D:1      | Noticed a spriggan zombie
    18 | D:1      | Noticed an elf zombie
    20 | D:1      | Noticed an octopode zombie
   188 | D:1      | Reached XP level 2. HP: 24/24 MP: 2/2
   281 | D:1      | Reached skill level 6 in Bows
   764 | D:2      | Reached XP level 3. HP: 29/29 MP: 3/3
  1083 | D:2      | Found an ancient bone altar of Kikubaaqudgha.
  1231 | D:2      | Reached skill level 7 in Bows
  1260 | D:2      | Found a white marble altar of Elyvilon.
  1310 | D:2      | Noticed Jessica
  1315 | D:2      | Killed Jessica
  1315 | D:2      | Reached XP level 4. HP: 22/36 MP: 4/4
  1929 | D:3      | Reached skill level 8 in Bows
  1942 | D:3      | Reached XP level 5. HP: 22/41 MP: 5/5
  2570 | D:3      | HP: 2/41 [poisoned by a worker ant]
  2884 | D:3      | Found a faded altar to an unknown god.
  2952 | D:3      | Noticed Terence
  2963 | D:3      | Killed Terence
  2963 | D:3      | Reached skill level 9 in Bows
  3021 | D:4      | Noticed a wyvern
  3029 | D:4      | Reached XP level 6. HP: 33/48 MP: 6/6
  3034 | D:4      | Slain by a wyvern

Action                   |  1- 3 |  4- 6 || total
-------------------------+-------+-------++-------
 Fire: Shortbow          |   110 |   172 ||   282
  Use: Scroll            |     6 |     1 ||     7
       Potion            |       |     1 ||     1
  Eat: Beef jerky        |       |     1 ||     1
       Bread ration      |       |     1 ||     1
       Pizza             |       |     1 ||     1
